 Seeded DCSS version 0.27.1-3-gb3d3a73c9e (webtiles) character file.

Game seed: 17848141825139092340 (custom seed)

20 oldmanjim the Skirmisher (level 2, 0/27 HPs)
             Began as a Hill Orc Fighter on Oct 5, 2021.
             Slain by a worm (5 damage)
             ... on level 2 of the Dungeon.
             The game lasted 00:02:51 (446 turns).

oldmanjim the Skirmisher (Hill Orc Fighter)          Turns: 446, Time: 00:02:51

Health: 0/27       AC:  9    Str: 18    XL:     2   Next: 79%
Magic:  2/2        EV:  5    Int:  8    God:
Gold:   41         SH:  9    Dex: 10    Spells: 1/1 levels left

rFire    . . .     SeeInvis .   a - +0 war axe
rCold    . . .     Faith    .   c - +0 kite shield
rNeg     . . .     Spirit   .   e - +0 chain mail
rPois    .         Reflect  .   (no helmet)
rElec    .         Harm     .   (no cloak)
rCorr    .         Rampage  .   (no gloves)
Will     .....                  (no boots)
Stlth    ..........             (no amulet)
HPRegen  0.09/turn              (no ring)
MPRegen  0.08/turn              (no ring)

@: no status effects
A: no striking features
a: no special abilities


You were on level 2 of the Dungeon.
You visited 1 branch of the dungeon, and saw 2 of its levels.

You collected 41 gold pieces.

Inventory:

Hand Weapons
 a - a +0 war axe (weapon)
Armour
 c - a +0 kite shield (worn)
 e - a +0 chain mail (worn)
Potions
 d - a potion of might


   Skills:
 - Level 4.0 Fighting
 + Level 3.3 Axes
 - Level 3.2 Armour
 + Level 3.7 Shields


You had one spell level left.
You didn't know any spells.
Your spell library was empty.

Dungeon Overview and Level Annotations

Branches:
Dungeon (1/15)

Altars:


Message History

You kill the bat!
You block the endoplasm's attack. The endoplasm freezes you.
You are frozen.
You hit the endoplasm.
The endoplasm is severely wounded.
The endoplasm freezes you.
You are frozen.
The endoplasm freezes you.
You are frozen.
You slash the endoplasm!
You kill the endoplasm!
The worm completely misses you.
You barely miss the worm. The worm bites you!
Found a sedimented brown potion.
An adder comes into view.
The adder hisses angrily.
You block the worm's attack.
You see here a bat corpse.
You closely miss the adder.
The adder bites you but does no damage. x2
You barely miss the adder. The adder bites you. You block the adder's attack.
You closely miss the adder.
The adder bites you but does no damage. x2
You barely miss the adder.
The adder bites you but does no damage. x2
You barely miss the adder. You block the adder's attack.
The adder bites you but does no damage. The adder bites you.
Your shield and chain mail prevent you from hitting the adder.
The adder bites you but does no damage.
You slash the adder!
You kill the adder!
You slash the worm!
The worm is severely wounded.
You hit the worm.
The worm is almost dead.
You block the worm's attack.
You hit the worm.
The worm is almost dead.
The worm bites you.
* * * LOW HITPOINT WARNING * * *
The worm bites you.
You die...

##########
#........#########
#........##......# ..
#........##...... ...
#.........#.....
....###.......#.#.#.#.#.#
...............@..!......
#.#..........#w#.#.#.#.
............†............
............###.#.#.#.#.#
............##........
.............##.#.#.#.#
.....#####...#..........
..... #...##.#.#.#.#.#
#.... #......#...........


You could see a worm.

Vanquished Creatures
  An adder (D:2)
  2 dart slugs (D:1)
  2 ball pythons (D:1)
  An endoplasm (D:2)
  A bat (D:2)
  2 kobolds (D:1)
9 creatures vanquished.

Notes
Turn   | Place    | Note
-------+----------+-------------------------------------------
     0 | D:1      | oldmanjim the Hill Orc Fighter began the quest for the Orb.
     0 | D:1      | Reached XP level 1. HP: 19/19 MP: 1/1
   294 | D:1      | Reached skill level 4 in Fighting
   294 | D:1      | Reached XP level 2. HP: 23/27 MP: 2/2
   402 | D:1      | You fall into a shaft and drop 1 floor!
   446 | D:2      | Slain by a worm

Illustrated notes

Levels and vault maps discovered:
D:1:      onia_arrival_handbag, layout_basic
D:2:      layout_basic, hellmonk_ecumenical_altar_watching_god, st_stairs_11,
          minmay_misc_feat_four_crosses, uniq_sigmund, uniq_natasha

Skill      XL: |  1 |
---------------+----+-----
Fighting       | 4 |  4.0
Axes           | 3 |  3.3
Armour         | |  3.2
Shields        | |  3.7

Action                   || total
-------------------------++-------
Melee: War axe           ||    34
Armor: Scale mail        ||     6
       Chain mail        ||    15
Dodge: Dodged            ||     7
Block: Kite shield       ||    15
